 Dungeon Crawl Stone Soup version 0.29.1-1-gd02db6906a (webtiles) character file.

Game seed: 15618650013555297601

487 Colgate the Fighter (level 7, 0/62 HPs)
             Began as a Formicid Hunter on Sept 27, 2022.
             Was a Follower of Nemelex Xobeh.
             Killed by divine providence
             ... invoked by an orc priest
              (12 damage)
             ... on level 5 of the Dungeon.
             The game lasted 00:06:26 (4381 turns).

Colgate the Fighter (Formicid Hunter)               Turns: 4381, Time: 00:06:26

Health: 0/62       AC:  3    Str: 12 (15) XL:     7   Next: 36%
Magic:  7/7        EV: 11    Int:  9      God:    Nemelex Xobeh [*.....]
Gold:   205        SH:  0    Dex: 16 (19) Spells: 6/6 levels left

rFire   . . .      SeeInvis +   b - +1 trident (flame)
rCold   . . .      Faith    .   (no shield)
rNeg    . . .      Spirit   .   c - +0 leather armour
rPois   .          Reflect  .   (helmet unavailable)
rElec   .          Harm     .   (no cloak)
rCorr   .          Rampage  .   (no gloves)
Will    .....                   (no boots)
Stlth   ++........              h - amulet of regeneration
HPRegen 1.00/turn               (no ring)
MPRegen 0.10/turn               (no ring)

@: lethally poisoned (0 -> -4)
A: permanent stasis, dig shafts and tunnels, antennae 3, four strong arms
a: Dig, Shaft Self, Renounce Religion, Draw Escape, Draw Destruction, Draw
Summoning


You were on level 5 of the Dungeon.
You worshipped Nemelex Xobeh.
Nemelex Xobeh was aware of your devotion.
You visited 1 branch of the dungeon, and saw 5 of its levels.
You also visited: Sewer.

You collected 205 gold pieces.

Inventory:

Hand Weapons
 a - a +0 shortbow
 b - a +1 trident of flaming (weapon)
Armour
 c - a +0 leather armour (worn)
Jewellery
 h - an amulet of regeneration (around neck)
Scrolls
 d - a scroll of magic mapping {unknown}
 f - 2 scrolls of fear
 j - a scroll of torment {unknown}
 l - a scroll of acquirement {unknown}
 m - a scroll of blinking {unknown}
 q - a scroll of vulnerability {unknown}
 r - a scroll of brand weapon {unknown}
 s - a scroll of fog {unknown}
 t - a scroll of immolation
Potions
 e - 3 potions of curing {@q1}
 g - 2 potions of might {@q3}
 i - 3 potions of heal wounds {@q2}
 n - 2 potions of brilliance
 o - a potion of berserk rage
 p - a potion of lignification


   Skills:
 + Level 8.3 Fighting
 - Level 4.0 Ranged Weapons
 - Level 1.7 Dodging
 - Level 1.2 Stealth


You had 6 spell levels left.
You didn't know any spells.
Your spell library contained the following spells:

 Spells                   Type           Power      Damage    Failure   Level
 Ensorcelled Hibernation  Hex/Ice        0%         N/A       61%         2
 Spider Form              Tmut/Pois      0%         N/A       83%         3
 Anguish                  Hex/Necr       0%         N/A       99%         4


Dungeon Overview and Level Annotations

Branches:
Dungeon (5/15)              Sewer (visited)
 Temple: D:4-7

Altars:
Dithmenos
Nemelex Xobeh
Uskayaw

Shops:
D:4 =


Innate Abilities, Weirdness & Mutations

You cannot be hasted, slowed, berserked, paralysed or teleported.
You can dig through walls and to a lower floor.
You have a pair of large antennae on your head. (SInv)
Your four strong arms can wield two-handed weapons with a shield.


Message History

You are too injured to fight recklessly!
There are monsters nearby!
You are too injured to fight recklessly!
There are monsters nearby!
You are too injured to fight recklessly!
There are monsters nearby!
You are too injured to fight recklessly!
There are monsters nearby!
You are too injured to fight recklessly!
There are monsters nearby!
You are too injured to fight recklessly!
There are monsters nearby!
You are too injured to fight recklessly!
There are monsters nearby!
You are too injured to fight recklessly!
There are monsters nearby!
You are too injured to fight recklessly!
There are monsters nearby!
You are too injured to fight recklessly!
There are monsters nearby!
You are too injured to fight recklessly!
There are monsters nearby!
You are too injured to fight recklessly!
There are monsters nearby!
The scorpion attacks as you move away! The scorpion stings you.
You are more poisoned.
The scorpion poisons you! The quokka attacks as you move away!
The quokka bites you but does no damage.
You feel very sick. The orc warrior barely misses you.
You hit the orc warrior. You burn the orc warrior.
You feel very sick.
The quokka bites you but does no damage.
The quokka closely misses you.
The orc warrior hits you with a +0 long sword!
* * * LOW HITPOINT WARNING * * *
The orc priest mumbles some strange prayers to Beogh against you.
Beogh smites you!
You die...
Your body disappears without a glow.

###...............####.##
..#...............#.....#
.........................
..................#.....#
...#........#####........
...#........# #......#
...#........#####o.O...#
................#rs....#
.....##.........@oo.....#
.....##.##......##.......
.....##.##...[.###.......
......#.....#............
......#..................#.
......#.....#...............
..>...#.....................
..#####.##......#.####......
..# #.##......#...........


You could see an orc warrior, an ogre, a scorpion, an orc priest, an orc wizard
(invisible) and a quokka.

Vanquished Creatures
  2 kobold brigands (Sewer)
  2 phantoms
  An orc wizard (D:4)
  A river rat (Sewer)
  8 adders
  An ufetubus (D:5)
  4 dart slugs
  11 orcs
  10 ball pythons
  4 bats
  4 endoplasms
  8 giant cockroaches
  6 goblins
  2 hobgoblins
  5 jackals
  8 kobolds
  2 quokkas
  2 frilled lizards (D:2)
  5 rats
86 creatures vanquished.

Notes
Turn   | Place    | Note
-------+----------+-------------------------------------------
     0 | D:1      | Colgate the Formicid Hunter began the quest for the Orb.
     0 | D:1      | Reached XP level 1. HP: 16/16 MP: 1/1
   264 | D:1      | Reached XP level 2. HP: 23/23 MP: 2/2
   273 | D:1      | Reached skill level 3 in Fighting
   781 | D:2      | Found a shadowy altar of Dithmenos.
   848 | D:2      | Reached XP level 3. HP: 29/29 MP: 3/3
  1276 | D:3      | Reached skill level 4 in Fighting
  2078 | D:2      | Reached XP level 4. HP: 38/38 MP: 4/4
  2532 | D:2      | Reached skill level 5 in Fighting
  2573 | D:2      | Found a faded altar of an unknown god.
  2613 | D:2      | Prayed at the altar of an unknown god.
  2613 | D:2      | Became a worshipper of Nemelex Xobeh the Trickster
  2613 | D:2      | Reached * piety under Nemelex Xobeh
  2679 | D:4      | Found a hide-covered altar of Uskayaw.
  2712 | D:4      | Noticed a phantom
  2716 | D:4      | Killed a phantom
  2717 | D:4      | Reached XP level 5. HP: 46/46 MP: 5/5
  2789 | D:4      | Reached skill level 6 in Fighting
  2908 | D:4      | Found a glowing drain.
  2914 | D:4      | Found Wuosapsya's Jewellery Boutique.
  2958 | Sewer    | Entered a sewer
  2972 | Sewer    | Noticed a kobold brigand
  2992 | Sewer    | Killed a kobold brigand
  2993 | Sewer    | Reached XP level 6. HP: 7/53 MP: 6/6
  3280 | Sewer    | Received a gift from Nemelex Xobeh
  3344 | Sewer    | Reached skill level 7 in Fighting
  3793 | D:4      | Found a shadowy altar of Dithmenos.
  3876 | D:4      | Reached XP level 7. HP: 60/60 MP: 7/7
  4186 | D:5      | Entered Level 5 of the Dungeon
  4317 | D:5      | Reached skill level 8 in Fighting
  4381 | D:5      | Killed from afar by an orc priest

Illustrated notes

Levels and vault maps discovered:
D:1:      minmay_arrival_solitary_statue, layout_rooms, serial_co_window_serial,
          co_window_of_opportunity_a, co_window_corner_a, co_window_paths_a,
          co_window_of_opportunity_a, co_window_cross_1, co_window_corner_b,
          co_window_unsneaky_path_e, co_window_broadway_a, co_window_sun,
          co_window_4corner_b, glass_columns_b, glass_columns_a,
          glass_columns_a, glass_columns_b, glass_columns_a
D:2:      layout_basic, ebering_ecumenical_altar_abandoned, basic_altar,
          nrook_uturn
D:3:      layout_basic, dreamdust_wishing_well
D:4:      layout_loops_ring, mainiacjoe_overflow_chevrons,
          nicolae_overflow_crystal_walls, serial_shops, shop,
          gup_sewer_entry_glass
D:5:      layout_basic, uniq_duvessa

Skill      XL: |  1  2  3  4  5  6  7 |
---------------+----------------------+-----
Fighting       | 3 4 5 6 7 8 |  8.3
Ranged Weapons | |  4.0
Dodging        | |  1.7
Stealth        | |  1.2

Action                   |  1- 3 |  4- 6 |  7- 9 || total
-------------------------+-------+-------+-------++-------
Melee: Trident           |       |       |    48 ||    48
 Fire: Shortbow          |    73 |   145 |    17 ||   235
 Abil: Dig               |     2 |       |       ||     2
  Use: Scroll            |     4 |     3 |       ||     7
       Potion            |       |     5 |       ||     5
 Stab: Sleeping          |       |       |     1 ||     1
Armor: Leather armour    |     5 |    20 |    21 ||    46
Dodge: Dodged            |    19 |    50 |    89 ||   158
